 Dungeon Crawl Stone Soup version 0.27-a0-1184-ge86db4a01e (webtiles) character file.

Game seed: 11613795412341417669

1742 leviel the Skirmisher (level 8, 0/73 HPs)
             Began as a Minotaur Monk on May 18, 2021.
             Slain by an orc warrior
             ... wielding a +0 war axe
              (17 damage)
             ... on level 6 of the Dungeon.
             The game lasted 00:09:14 (7304 turns).

leviel the Skirmisher (Minotaur Monk)               Turns: 7304, Time: 00:09:15

Health: 0/73       AC:  9    Str: 19    XL:     8   Next: 77%
Magic:  7/7        EV: 10    Int:  7    God:
Gold:   233        SH:  0    Dex: 18    Spells: 7/7 levels left

rFire    . . .     SeeInvis .   y - +7 spear of Reinforcement {pain, *Rage +Blink rPois rN+}
rCold    . . .     Faith    .   (no shield)
rNeg     + . .     Spirit   .   c - +0 chain mail
rPois    +         Reflect  .   (helmet restricted)
rElec    .         Harm     .   (no cloak)
rCorr    .         Rampage  .   (no gloves)
Will     .....     Rnd*Rage +   (no boots)
Stlth    ..........             (no amulet)
HPRegen  0.22/turn              e - +6 ring of dexterity
MPRegen  0.10/turn              (no ring)

@: no status effects
A: horns 2, retaliatory headbutt
a: Evoke Blink


You were on level 6 of the Dungeon.
You visited 2 branches of the dungeon, and saw 8 of its levels.
You also visited: Ossuary.

You collected 233 gold pieces.

Inventory:

Hand Weapons
 a - a +0 falchion
 o - a +0 vorpal war axe
 y - the +7 spear of Reinforcement (weapon) {pain, *Rage +Blink rPois rN+}
   (You found it on level 5 of the Dungeon)

   In the hands of one skilled in necromantic magic, it inflicts extra damage on
   living creatures.
   It protects you from poison.
   It protects you from negative energy.
   It lets you blink.
   It may make you go berserk in combat.
Missiles
 r - 29 poisoned darts (quivered)
 x - 6 javelins
Armour
 c - a +0 chain mail (worn)
Jewellery
 e - a +6 ring of dexterity (left hand)
 m - an amulet of magic regeneration
 w - a ring of wizardry
Wands
 p - a wand of iceblast (15)
 t - a wand of mindburst (14)
 v - a wand of flame (14)
Scrolls
 f - a scroll of enchant weapon {unknown}
 g - a scroll of silence {unknown}
 h - 2 scrolls of amnesia {unknown}
 i - 5 scrolls of identify {unknown}
 l - a scroll of noise {unknown}
 q - a scroll of fog {unknown}
 z - a scroll of magic mapping {unknown}
 A - 2 scrolls of brand weapon {unknown}
 B - 2 scrolls of fear {unknown}
 D - a scroll of blinking {unknown}
Potions
 b - a potion of degeneration {unknown}
 d - 3 potions of lignification {unknown}
 j - a potion of flight {unknown}
 k - 2 potions of heal wounds {unknown}
 n - a potion of attraction {unknown}
 s - a potion of mutation {unknown}
 u - 3 potions of haste {unknown}
 C - 2 potions of curing {unknown}


   Skills:
 + Level 7.1 Fighting
 - Level 5.8 Long Blades
 + Level 5.5(5.8) Axes
 + Level 2.5(4.3) Polearms
 + Level 3.1 Throwing
 - Level 3.0 Armour
 + Level 5.9 Dodging
 + Level 4.0 Stealth


You had 7 spell levels left.
You didn't know any spells.
Your spell library contained the following spells:

 Spells                   Type           Power      Damage    Failure   Level
 Corona                   Hex            0%         N/A       99%         1
 Foxfire                  Conj/Fire      0%         2x1d4     99%         1
 Ensorcelled Hibernation  Hex/Ice        0%         N/A       100%        2
 Confusing Touch          Hex            0%         N/A       100%        3
 Conjure Flame            Conj/Fire      0%         6-21      100%        3
 Dazzling Flash           Conj/Hex       0%         N/A       100%        3
 Inner Flame              Hex/Fire       0%         N/A       100%        3
 Tukima's Dance           Hex            0%         N/A       100%        3
 Sticky Flame             Conj/Fire      0%         2d3       100%        4
 Fireball                 Conj/Fire      0%         3d3       100%        5


Dungeon Overview and Level Annotations

Branches:
Dungeon (7/15)             Temple (1/1) D:4         Ossuary (visited)

Altars:
Ashenzari
Cheibriados
Elyvilon
Fedhas
Gozag
Hepliaklqana
Kikubaaqudgha
Makhleb
Nemelex Xobeh
Uskayaw
Vehumet
Wu Jian
Xom
Zin
The Shining One


Innate Abilities, Weirdness & Mutations

You have a pair of horns on your head.
You reflexively headbutt those who attack you in melee.


Message History

The orc warrior hits you with a +0 war axe.
You closely miss the orc warrior.
The orc warrior is lightly wounded.
The orc warrior misses you.
An orc wizard comes into view. It is wielding a +0 dagger.
The orc warrior closely misses you.
The orc wizard shouts!
You puncture the orc warrior!
The orc warrior is heavily wounded.
The orc warrior hits you but does no damage. x2
You puncture the orc warrior!
You headbutt the orc warrior, but do no damage.
The orc warrior is severely wounded.
The orc warrior hits you but does no damage.
An orc wizard comes into view. It is wielding a +0 dagger.
You closely miss the orc warrior.
The orc warrior is severely wounded.
The orc wizard shouts!
The orc warrior hits you with a +0 flail!
* * * LOW HITPOINT WARNING * * *
You hit the orc warrior.
The orc warrior is severely wounded.
The orc warrior hits you with a +0 war axe.
* * * LOW HITPOINT WARNING * * *
An orc comes into view. It is wielding a +0 dagger.
The orc warrior hits you but does no damage.
The orc wizard points at itself and mumbles some strange words.
The orc wizard flickers and vanishes!
Deactivating autopickup; reactivate with Ctrl-A.
The orc shouts!
There is a stone staircase leading up here.
The orc warrior hits you with a +0 war axe.
* * * LOW HITPOINT WARNING * * *
You climb upwards.
Reactivating autopickup.
There is a stone staircase leading down here.
Your chain mail prevents you from hitting the orc warrior.
The orc warrior is severely wounded.
The orc warrior hits you with a +0 war axe!
You die...

#....##...#.........#
#.........#.........#
#....######†........#
##'###..............#######
...........######'#.......#
...........#...'..#.......#
...........'...#..#.......#
...........#..###'#.......#
.....#######..##@.#########
.....#.....#...#o.#......#
.....+.....'...#..#......#
.....#....##..##..#......#
.....##'####..##..#......#
####.......#..##########'#
#.......#..#....#.....#
#.......#..'....#.....#
#.......####....'.....#


You could see an orc warrior.

Vanquished Creatures
  A water moccasin (D:6)
  2 sky beasts
  An ice beast (D:4)
  A necrophage (D:4)
  An ogre (D:5)
  2 phantoms
  A gnoll sergeant (D:5)
  3 scorpions
  A human zombie (Ossuary)
  A centaur zombie (Ossuary)
  2 centaur skeletons (D:4)
  A bullfrog zombie (D:6)
  4 hounds
  A jelly (D:5)
  An orc priest (D:4)
  3 iguanas
  A scorpion zombie (D:5)
  3 orc wizards
  2 mummies (Ossuary)
  5 gnolls (D:5)
  6 adders
  2 white imps
  2 ufetubi
  2 adder zombies (Ossuary)
  4 worms
  22 orcs
  An endoplasm (D:2)
  2 giant cockroaches
  7 goblins
  5 hobgoblins
  8 jackals
  4 quokkas
  6 ball pythons
  3 bats
  3 frilled lizards
  A goblin zombie (Ossuary)
  18 hobgoblin zombies (Ossuary)
  A jackal zombie (Ossuary)
  4 kobolds
  7 kobold zombies (Ossuary)
  4 orc zombies (Ossuary)
  12 rats
  2 rat zombies (Ossuary)
  A spectral hobgoblin (D:4)
164 creatures vanquished.

Vanquished Creatures (others)
  5 demonic plants (D:2)
  14 fungi
  4 withered plants (D:2)
23 creatures vanquished.

Grand Total: 187 creatures vanquished

Notes
Turn   | Place    | Note
-------+----------+-------------------------------------------
     0 | D:1      | leviel the Minotaur Monk began the quest for the Orb.
     0 | D:1      | Reached XP level 1. HP: 19/19 MP: 0/0
   327 | D:1      | Reached skill level 4 in Fighting
   350 | D:1      | Reached XP level 2. HP: 27/27 MP: 1/1
   849 | D:2      | Found a faded altar of an unknown god.
  1281 | D:2      | Reached XP level 3. HP: 30/33 MP: 2/2
  1436 | D:2      | Reached skill level 1 in Armour
  1795 | D:2      | Reached XP level 4. HP: 41/41 MP: 3/3
  2646 | D:3      | Reached skill level 5 in Long Blades
  2646 | D:3      | Reached XP level 5. HP: 43/47 MP: 4/4
  3468 | D:4      | Reached skill level 5 in Fighting
  3631 | D:4      | Found a hazy altar of Hepliaklqana.
  3636 | D:4      | Reached XP level 6. HP: 54/56 MP: 5/5
  3730 | D:4      | Found a staircase to the Ecumenical Temple.
  3734 | D:4      | Noticed an ice beast
  3744 | D:4      | Killed an ice beast
  3745 | D:4      | Reached skill level 1 in Axes
  3747 | Temple   | Entered the Ecumenical Temple
  3906 | D:4      | Found a shimmering altar of Xom.
  4079 | D:4      | Reached XP level 7. HP: 62/62 MP: 6/6
  4563 | D:5      | Entered Level 5 of the Dungeon
  4944 | D:5      | Reached skill level 6 in Fighting
  4959 | D:5      | Reached skill level 1 in Throwing
  5304 | D:5      | Reached skill level 5 in Dodging
  5406 | D:5      | Reached XP level 8. HP: 36/71 MP: 7/7
  5971 | D:5      | Identified the +7 spear of Reinforcement {pain, *Rage
                  | +Blink rPois rN+}
  6364 | D:6      | Reached skill level 5 in Axes
  6364 | D:6      | Reached skill level 1 in Polearms
  6666 | D:6      | Found a sand-covered staircase.
  6672 | Ossuary  | Entered an ossuary
  6795 | Ossuary  | Reached skill level 7 in Fighting
  7304 | D:6      | Slain by an orc warrior

Illustrated notes

Levels and vault maps discovered:
D:1:      beargit_arrival_greenhouse, layout_basic, palyth_stone_intersect,
          amethyst_killhole, minmay_rat_gold_closets
D:2:      kennysheep_six_static_rooms, layout_basic,
          shapermc_ecumenical_altar_gd
D:3:      layout_loops_cross
D:4:      layout_basic, nicolae_hepliaklqana_monster_ancestors,
          xom_teletrap_fun, minmay_temple_entry_purple_smoke
D:5:      layout_loops_corners, serial_aquarium, aquarium_bridge_square
          [aquarium_subvault_window, aquarium_subvault_bridge,
          aquarium_subvault_window, aquarium_subvault_balcony],
          aquarium_bridge_square [aquarium_subvault_wall,
          aquarium_subvault_bridge, aquarium_subvault_window,
          aquarium_subvault_window], aquarium_window_1, aquarium_window_1,
          aquarium_view_2c, aquarium_view_2c, aquarium_balcony_3a,
          aquarium_pool_four, kennysheep_doodads
D:6:      layout_gridville, lightli_ossuary_entry_decrepit_ruins
D:7:      layout_loops_corners, nicolae_dithmenos_through_a_glass_darkly,
          chequers_temple_overflow_minitemple, minmay_checkerbox
Temple:   nicolae_temple_god_jail

Skill      XL: |  1  2  3  4  5  6  7  8 |
---------------+-------------------------+-----
Fighting       | 4 5 6 7 |  7.1
Long Blades    | 4 5 |  5.8
Armour         | 1 2 3 |  3.0
Axes           | 2 4 5 |  5.5
Dodging        | 4 5 |  5.9
Stealth        | 2 3 4 |  4.0
Throwing       | 1 3 |  3.1
Polearms       | 2 |  2.5

Action                   |  1- 3 |  4- 6 |  7- 9 || total
-------------------------+-------+-------+-------++-------
Melee: Falchion          |    81 |   100 |       ||   181
       Headbutt          |    19 |    30 |    40 ||    89
       War axe           |       |    51 |    72 ||   123
       Spear             |       |       |   127 ||   127
Armor: Chain mail        |    32 |    87 |    93 ||   212
Dodge: Dodged            |    31 |    43 |    75 ||   149
       Rpst.: Falchion   |     9 |     7 |       ||    16

Table legend: (Time is in decaauts)
 A = Elapsed time spent in this place.
 B = Non-inter-level travel time spent in this place.
 C = Inter-level travel time spent in this place.
 D = Time resting spent in this place.
 E = Time spent auto-exploring this place.
 F = Levels seen in this place.
 G = Mean time per level.
                   A        B        C        D        E       F      G
               +--------+--------+--------+--------+--------+-----+--------+
         Total |   7429 |   7123 |    306 |   1044 |   5137 |   9 |  825.4 |
       Dungeon |   7032 |   6731 |    301 |   1041 |   4896 |   7 | 1004.6 |
        Temple |    134 |    129 |      5 |      0 |    117 |   1 |  134.0 |
       Ossuary |    262 |    262 |      0 |      2 |    124 |   1 |  262.0 |
               +--------+--------+--------+--------+--------+-----+--------+

Top non-repeatable levels by time:
     D:5: 1643 daAuts
     D:2: 1552 daAuts
     D:3: 1211 daAuts
     D:4: 1065 daAuts
     D:6: 895 daAuts
     D:1: 639 daAuts
 Ossuary: 262 daAuts
  Temple: 134 daAuts
     D:7: 24 daAuts
